 Dungeon Crawl Stone Soup version 0.31-a0-965-g8a8ce12e04 (webtiles) character file.

Game seed: 16899932501813754188

10228 Fodor the Protected (level 11, 0/97 HPs)
             Began as a Minotaur Fighter on Oct 27, 2023.
             Was an Initiate of Gozag.
             Succumbed to barbed spike wounds
             ... on level 1 of the Orcish Mines.
             The game lasted 01:06:18 (10189 turns).

Fodor the Protected (Minotaur Fighter)             Turns: 10189, Time: 01:06:19

Health: 0/97       AC: 18    Str: 30    XL:     11   Next: 33%
Magic:  19/19      EV:  9    Int:  5    God:    Gozag
Gold:   1654       SH:  0    Dex: 12    Spells: 10/10 levels left

rFire   + . .        H - +6 flail (venom)
rCold   . . .        (no shield)
rNeg    . . .        R - +0 plate armour
rPois   .            (helmet currently unavailable)
rElec   .            r - melded +2 cloak
rCorr   .            P - melded +2 pair of gloves
SInv    .            (boots currently unavailable)
Will    .....        K - amulet of regeneration Stlth
                     l - ring of protection from fire
HPRegen 1.16/turn    c - ring of Hur Cico {MP+9 AC+4 Str+4 Dex+3}
MPRegen 0.16/turn

%: no passive effects
@: about to teleport, beast-form, spiked, gold aura
A: beast (slay +2), horns 2, retaliatory headbutt
a: Begin Untransformation, Renounce Religion, Potion Petition, Call Merchant,
Bribe Branch


You were on level 1 of the Orcish Mines.
You worshipped Gozag.
Gozag was most pleased with you.
You were a hulking beast.
You visited 3 branches of the dungeon, and saw 13 of its levels.
You also visited: Ossuary.

You collected 2194 gold pieces.
You spent 500 gold pieces at shops.
You paid 40 gold pieces to Gozag.

Inventory:

Hand Weapons
 k - a +4 quarterstaff of chaos
 z - a +5 halberd
 H - a +6 flail of venom (weapon)
 Q - a +0 battleaxe
Missiles
 j - 3 atropa-tipped darts
 m - 47 poisoned darts
 x - 2 boomerangs (quivered)
 y - 3 curare-tipped darts
 I - 2 throwing nets
Armour
 r - a +2 cloak (melded)
 P - a +2 pair of gloves (melded)
 R - a +0 plate armour (worn)
Jewellery
 c - the ring of Hur Cico (right hand) {MP+9 AC+4 Str+4 Dex+3}
   (You acquired it on level 10 of the Dungeon)

   [ring of protection]

   AC+4:      It affects your AC (+4).
   Str+4:     It affects your strength (+4).
   Dex+3:     It affects your dexterity (+3).
   MP+9:      It affects your magic capacity (+9).
 l - a ring of protection from fire (left hand)
 K - an amulet of regeneration (around neck)
Talismans
 p - a beast talisman (active)
Wands
 a - a wand of iceblast (11)
 v - a wand of digging (6)
 w - a wand of polymorph (7)
 O - a wand of quicksilver (5)
Scrolls
 b - a scroll of fear
 e - 2 scrolls of vulnerability
 f - a scroll of teleportation
 g - a scroll of fog
 h - 2 scrolls of torment
 u - a scroll of poison {unknown}
 B - 2 scrolls of amnesia
 E - 2 scrolls of immolation
 F - a scroll of enchant armour {unknown}
 L - a scroll of blinking {unknown}
Potions
 d - 2 potions of might
 i - a potion of magic {unknown}
 n - a potion of invisibility {unknown}
 q - a potion of cancellation {unknown}
 s - 3 potions of curing
 A - a potion of ambrosia {unknown}
 C - 5 potions of heal wounds {unknown}
 D - a potion of haste {unknown}
 G - 2 potions of berserk rage {unknown}
 J - 2 potions of brilliance
 M - 2 potions of attraction {unknown}
 N - 3 potions of lignification


   Skills:
 + Level 9.0 Fighting
 + Level 5.4(8.5) Axes
 + Level 9.7(11.7) Maces & Flails
 + Level 2.6(7.2) Polearms
 + Level 8.8(10.9) Staves
 + Level 1.5 Throwing
 + Level 10.7 Armour
 + Level 3.7 Dodging
 + Level 2.1 Stealth
 + Level 4.3 Shields
 + Level 4.1 Shapeshifting


You had 10 spell levels left.
You didn't know any spells.
Your spell library contained the following spells:

 Spells                   Type           Power      Damage    Failure   Level
 Necrotise                Necr           0%         1d4       98%         1
 Gell's Gravitas          Tloc           0%         N/A       100%        3
 Teleport Other           Tloc           0%         N/A       100%        3
 Vampiric Draining        Necr           0%         2d6       100%        3
 Agony                    Necr           0%         N/A       100%        5
 Dispersal                Tloc           0%         N/A       100%        6


Dungeon Overview and Level Annotations

Branches:
Dungeon (11/15)            Temple (1/1) D:4            Lair (0/5) D:8
    Orc (1/2) D:10        Ossuary (visited)

Altars:
Ashenzari
Cheibriados
Dithmenos
Elyvilon
Fedhas
Gozag
Hepliaklqana
Kikubaaqudgha
Makhleb
Nemelex Xobeh
Okawaru
Qazlal
Ru
Sif Muna
Trog
Uskayaw
Vehumet
Wu Jian
Xom
Yredelemnul
Zin
The Shining One

Shops:
D:2 *(!=(


Innate Abilities, Weirdness & Mutations

You are a hulking beast.
Your limbs bulge with bestial killing power. (Slay +2)
You have a pair of horns on your head.
You reflexively headbutt those who attack you in melee.


Message History

The orc hits you but does no damage.
The orc wizard gestures at you while chanting.
The magic dart hits you.
* * * LOW HITPOINT WARNING * * *
The orc warrior hits you but does no damage.
The orc high priest hits you from afar with a +0 halberd!
* * * LOW HITPOINT WARNING * * *
The ynoxinul gestures.
The red devil closely misses you.
As you read the scroll of teleportation, it crumbles to dust.
You feel strangely unstable.
You kill the orc warrior!
The orc priest looks more healthy.
The orc warrior hits you with a +0 short sword.
* * * LOW HITPOINT WARNING * * *
The orc hits you but does no damage.
The orc priest looks satisfied for a moment.
The orc barely misses you.
The orc wizard hits you but does no damage.
The orc high priest misses you.
The red devil hits you from afar with a +0 trident.
* * * LOW HITPOINT WARNING * * *
Barbed spikes become lodged in your body.
You feel better.
The orc warrior is distracted by your dazzling golden aura.
The orc hits you with a +0 club.
* * * LOW HITPOINT WARNING * * *
The orc priest hits you with a +0 hand axe.
* * * LOW HITPOINT WARNING * * *
The orc wizard gestures at you while chanting.
The puff of flame hits you but does no damage.
The orc hits you but does no damage.
The troll is distracted by your dazzling golden aura.
The orc high priest hits you from afar with a +0 halberd.
* * * LOW HITPOINT WARNING * * *
The red devil hits you but does no damage.
The orc warrior shouts!
The troll shouts!
The barbed spikes dig painfully into your body as you move.
You die...
Your body crumbles into a pile of gold.

#............###
#.#.....).).....#
##....#.#).)...##
#....#..)[).....#
#....##...)....##
#.....#.#...<.##
##.#.........##
#.#......#..#
##...o$h.##
###..To.###
#....$ooo#
#.....54ooo5#
#.....#§O3...#
................
.................
#.....#.##......#
#....### .......


You could see a troll, a red devil (summoned), 2 orc warriors, an ogre, an orc
wizard, an ufetubus (summoned) and 2 orcs.

Vanquished Creatures
  Harold (D:10)
  Erica (D:10)
  A two-headed ogre (D:9)
  A cyclops (D:10)
  Joseph (D:9)
  Maggie (D:6)
  A komodo dragon (D:8)
  Jeremiah (D:8)
  2 hornets
  Sigmund (D:2)
  A shadow (D:9)
  6 yaks (D:9)
  Grum (D:10)
  A basilisk (D:8)
  Edmund (D:6)
  2 water moccasins
  Duvessa (D:4)
  6 orc warriors
  A sky beast (D:7)
  A black bear (D:8)
  2 centaurs (D:8)
  4 wolves (D:10)
  2 phantoms
  3 bullfrogs
  5 kobold brigands
  Blork the orc (D:6)
  2 scorpions
  6 water moccasin zombies (Ossuary)
  8 wights
  Dowan (D:4)
  6 killer bees (D:5)
  4 howler monkeys
  A jelly (D:6)
  2 hounds (D:5)
  A human zombie (Ossuary)
  Crazy Yiuf (D:2)
  11 orc priests
  2 iguanas
  14 orc wizards
  2 scorpion zombies (D:6)
  Robin (D:3)
  2 howler monkey skeletons (D:6)
  7 gnolls (D:4)
  7 adders
  2 shadow imps (D:6)
  2 white imps
  2 ufetubi (D:6)
  3 adder zombies (Ossuary)
  8 worms
  A dart slug (D:1)
  63 orcs
  9 bats
  9 endoplasms
  3 giant cockroaches
  4 gnoll zombies (Ossuary)
  11 hobgoblins
  3 jackals (D:2)
  25 kobolds
  7 quokkas
  6 ball pythons
  7 frilled lizards
  12 goblins
  2 goblin zombies (Ossuary)
  4 hobgoblin zombies (Ossuary)
  3 orc zombies (Ossuary)
  7 rats
320 creatures vanquished.

Notes
Turn   | Place    | Note
-------+----------+-------------------------------------------
     0 | D:1      | Fodor the Minotaur Fighter began the quest for the Orb.
     0 | D:1      | Reached XP level 1. HP: 19/19 MP: 0/0
   139 | D:1      | Reached XP level 2. HP: 26/27 MP: 1/1
   245 | D:1      | Reached skill level 4 in Armour
   512 | D:1      | Reached XP level 3. HP: 33/33 MP: 2/2
   701 | D:2      | Found Diesij Vunto's Jewellery Boutique.
   856 | D:2      | Found Voegeiry's General Store.
   963 | D:2      | Found Plog's Antique Weapon Boutique.
   993 | D:2      | Noticed Sigmund
  1008 | D:2      | Killed Sigmund
  1009 | D:2      | Reached skill level 5 in Axes
  1009 | D:2      | Reached skill level 1 in Dodging
  1009 | D:2      | Reached XP level 4. HP: 33/41 MP: 3/3
  1009 | D:2      | Reached XP level 5. HP: 37/47 MP: 4/4
  1024 | D:2      | Found Onyonymui's Distillery.
  1240 | D:2      | Found a runed translucent door.
  1241 | D:2      | Noticed Crazy Yiuf
  1252 | D:2      | Killed Crazy Yiuf
  1556 | D:2      | Found Ilirum's Antique Weapon Boutique.
  1819 | D:3      | Reached XP level 6. HP: 53/53 MP: 5/5
  1876 | D:3      | Reached skill level 5 in Armour
  1883 | D:3      | Reached skill level 1 in Staves
  2022 | D:3      | Noticed Robin
  2032 | D:3      | Killed Robin
  2274 | D:4      | Found a broken altar of Ashenzari.
  2472 | D:4      | Noticed Duvessa
  2472 | D:4      | Noticed Dowan
  2478 | D:4      | Killed Duvessa
  2484 | D:4      | Killed Dowan
  2485 | D:4      | Reached XP level 7. HP: 33/60 MP: 6/6
  2488 | D:4      | Found an opulent altar of Gozag.
  2501 | D:4      | Became a worshipper of Gozag Ym Sagoz the Greedy
  2722 | D:4      | Reached skill level 1 in Shapeshifting
  2868 | D:4      | Reached skill level 5 in Staves
  3000 | D:4      | Found a staircase to the Ecumenical Temple.
  3030 | Temple   | Entered the Ecumenical Temple
  3153 | D:5      | Entered Level 5 of the Dungeon
  3401 | D:5      | Found a burning altar of Makhleb.
  3411 | D:5      | Reached skill level 6 in Armour
  3564 | D:5      | Reached skill level 5 in Fighting
  3589 | D:5      | Reached XP level 8. HP: 42/68 MP: 7/7
  3602 | D:5      | Identified a scroll of acquirement
  3954 | D:5      | Reached skill level 1 in Stealth
  4020 | D:5      | Found a radiant altar of Vehumet.
  4569 | D:6      | Reached skill level 7 in Armour
  4678 | D:6      | Found a sand-covered staircase.
  4678 | D:6      | Noticed Maggie
  4691 | D:6      | Killed Maggie
  4692 | D:6      | Reached XP level 9. HP: 44/75 MP: 8/8
  4702 | Ossuary  | Entered an ossuary
  4844 | Ossuary  | Reached skill level 8 in Armour
  5031 | Ossuary  | Noticed a silent spectre
  5366 | D:6      | Noticed Blork the orc
  5372 | D:6      | Killed Blork the orc
  5573 | D:6      | Noticed Edmund
  5583 | D:6      | Killed Edmund
  5584 | D:6      | Reached skill level 1 in Polearms
  6041 | D:6      | Found a basalt altar of Yredelemnul.
  6170 | D:2      | Bought a potion of brilliance for 44 gold pieces
  6170 | D:2      | Bought a potion of curing for 33 gold pieces
  6170 | D:2      | Bought a potion of curing for 33 gold pieces
  6230 | D:2      | Bought an amulet of regeneration for 390 gold pieces
  6461 | D:7      | Found a shimmering altar of Xom.
  6731 | D:7      | Reached skill level 1 in Maces & Flails
  6787 | D:7      | Found an ornate altar of the Wu Jian Council.
  7435 | D:8      | Noticed a komodo dragon
  7446 | D:8      | Killed a komodo dragon
  7447 | D:8      | Reached skill level 9 in Armour
  7447 | D:8      | Reached XP level 10. HP: 35/86 MP: 9/9
  7496 | D:8      | Found a staircase to the Lair.
  7672 | D:8      | Found a snail-covered altar of Cheibriados.
  7701 | D:8      | Noticed Jeremiah
  7767 | D:8      | Killed Jeremiah
  7768 | D:8      | Reached skill level 5 in Maces & Flails
  8086 | D:9      | Found a sparkling altar of Nemelex Xobeh.
  8260 | D:9      | Noticed Joseph
  8266 | D:9      | Killed Joseph
  8556 | D:9      | Noticed a two-headed ogre
  8559 | D:9      | Reached skill level 1 in Throwing
  8562 | D:9      | Killed a two-headed ogre
  8563 | D:9      | Reached skill level 10 in Armour
  8596 | D:9      | Found a bloodstained altar of Trog.
  8627 | D:9      | Found a blossoming altar of Fedhas.
  8885 | D:10     | Entered Level 10 of the Dungeon
  8885 | D:10     | Noticed Erica
  8891 | D:10     | Killed Erica
  8987 | D:10     | Reached XP level 11. HP: 52/95 MP: 10/10
  9018 | D:10     | Acquired the ring of Hur Cico {MP+9 AC+4 Str+4 Dex+3}
  9071 | D:10     | Paralysed by a hornet for 3 turns
  9169 | D:10     | Found a staircase to the Orcish Mines.
  9183 | D:10     | Noticed Harold
  9197 | D:10     | Killed Harold
  9309 | D:10     | Noticed Grum
  9345 | D:10     | Killed Grum
 10033 | D:13     | Identified the "Gewnie"
 10033 | Lair:2   | Identified the "Erghuytig"
 10033 | IceCv    | Identified the "Elejag"
 10033 | Orc:1    | Entered Level 1 of the Orcish Mines
 10164 | Orc:1    | Noticed an orc high priest
 10188 | Orc:1    | HP: 4/97 [orc high priest/+0 halberd (3)]
 10189 | Orc:1    | Succumbed to barbed spike wounds

Illustrated notes

Levels and vault maps discovered:
D:1:      lightli_arrival_boilingwater, layout_basic
D:2:      layout_loops_cross, serial_shops, shop, nicolae_shop_dealshenge, shop,
          nicolae_square_shop, nicolae_shop_pleasant_corner_grove,
          grunt_ministairs_9, chequers_serial_rivers_large_a, uniq_sigmund,
          uniq_crazy_yiuf_cottage
D:3:      layout_rooms, serial_bayou_lagoon_b, uniq_robin
D:4:      layout_loops_ring, evilmike_ruin_ashenzari, mainiacjoe_overflow_paths,
          minmay_temple_entry_glass, uniq_duvessa
D:5:      layout_basic, nicolae_vehumet_altar_sigil, makhleb_heckhound_becter,
          corner_web_ring
D:6:      layout_basic, nicolae_overflow_hidden_temple,
          mainiacjoe_ossuary_entry_find_the_door, uniq_edmund, uniq_maggie,
          uniq_blork_the_orc
D:7:      layout_basic, lemuel_doored_altar, mainiacjoe_overflow_24_doors
D:8:      layout_basic, lemuel_tele_altar, david_lair_shrubbed, uniq_jeremiah
D:9:      layout_roguey, fedhas_altar_3, lemuel_crystal_altar,
          nemelex_diamond_rough_becter, grunt_ministairs_8, uniq_joseph
D:10:     hellmonk_destroyed_diamonds, layout_cave_pods, hiddenorc2_lemuel,
          serial_column_ruins, column_ruins_hut_pillars, column_ruins_hut,
          column_ruins_open_small, column_ruins_columns_T, column_ruins_grid_2,
          column_ruins_corridor_straight, column_ruins_open_small,
          minmay_misc_feat_columns, uniq_erica, uniq_harold, uniq_grum
D:11:     erik_rubicon_b, layout_rooms, enter_trove_1,
          nicolae_elevator_lobby_asterisk
Temple:   minmay_temple_curvy_loop
Orc:1:    layout_diamond_mine, uniq_gastronok

Skill      XL: |  1  2  3  4  5  6  7  8  9 10 11 |
---------------+----------------------------------+-----
Armour         | 4 5 6 7 9 10 | 10.7
Shields        | 4 |  4.3
Axes           | 3 5 |  5.4
Fighting       | 4 5 7 8 9 |  9.0
Dodging        | 1 2 3 |  3.7
Staves         | 3 6 7 8 |  8.8
Shapeshifting  | 1 2 3 4 |  4.1
Stealth        | 1 2 |  2.1
Polearms       | 2 |  2.6
Maces & Flails | 4 8 9 |  9.7
Throwing       | 1 |  1.5

Action                     |  1- 3 |  4- 6 |  7- 9 | 10-12 || total
---------------------------+-------+-------+-------+-------++-------
  Melee: War axe           |    81 |    19 |       |       ||   100
         Headbutt          |    10 |    13 |    40 |    43 ||   106
         Quarterstaff      |       |    66 |   211 |       ||   277
         Flail             |       |       |    64 |   218 ||   282
         Halberd           |       |       |    14 |       ||    14
         Punch             |       |       |     1 |     1 ||     2
  Throw: Dart              |     3 |     5 |     1 |     4 ||    13
         Boomerang         |       |       |       |     6 ||     6
         Throwing net      |       |       |       |     2 ||     2
    Use: Potion            |       |     2 |     2 |     6 ||    10
         Scroll            |       |       |    10 |     7 ||    17
   Stab: Distracted        |       |       |     2 |     1 ||     3
 Armour: Scale mail        |    50 |       |       |       ||    50
         Chain mail        |     8 |    91 |   280 |   208 ||   587
         Skin              |       |       |     6 |       ||     6
         Plate armour      |       |       |       |    54 ||    54
  Dodge: Dodged            |    36 |    54 |   140 |   154 ||   384
  Block: Buckler           |    24 |     1 |       |       ||    25
   Form: Beast             |       |     3 |     1 |     1 ||     5
                           |       |     2 |     1 |     1 ||     4

Table legend: (Time is in decaauts)
 A = Elapsed time spent in this place.
 B = Non-inter-level travel time spent in this place.
 C = Inter-level travel time spent in this place.
 D = Time resting spent in this place.
 E = Time spent auto-exploring this place.
 F = Levels seen in this place.
 G = Mean time per level.
                   A        B        C        D        E       F      G
               +--------+--------+--------+--------+--------+-----+--------+
         Total |  10365 |   9721 |    644 |    736 |      0 |  14 |  740.4 |
       Dungeon |   9843 |   9199 |    644 |    591 |      0 |  11 |  894.8 |
        Temple |      1 |      1 |      0 |      0 |      0 |   1 |    1.0 |
  Orcish Mines |    153 |    153 |      0 |     53 |      0 |   1 |  153.0 |
       Ossuary |    367 |    367 |      0 |     92 |      0 |   1 |  367.0 |
               +--------+--------+--------+--------+--------+-----+--------+

Top non-repeatable levels by time:
     D:5: 1368 daAuts
     D:2: 1247 daAuts
     D:6: 1230 daAuts
    D:10: 1157 daAuts
     D:4: 970 daAuts
     D:8: 917 daAuts
     D:9: 887 daAuts
     D:7: 748 daAuts
     D:1: 729 daAuts
     D:3: 585 daAuts
 Ossuary: 367 daAuts
   Orc:1: 153 daAuts
  Temple: 1 daAuts
    D:11: 1 daAuts
